ITL
OTSEGO BULLDOGS @ INDIANA HOUNDS
08/29/2027
 
TOP OF THE 1ST
Otsego Bulldogs batting - Pitching for Indiana Hounds : RHP Rob Hill
Pitching: RHP Rob Hill
Batting: RHB Donald White 0-0: Called Strike
0-1: Ground out 4-3 (Groundball, 4)
Batting: RHB Armando Cuevas 0-0: Ball
1-0: Foul Ball, location: 2F
1-1: Ball
2-1: Ball
3-1: Base on Balls
Batting: RHB Felipe Rodríguez 0-0: Ball
1-0: Foul Ball, location: 2F
1-1: Called Strike
1-2: Strikes out swinging
Batting: RHB Jorge Cisneros 0-0: Ball
1-0: SINGLE (Groundball, 34D)
Armando Cuevas to second
Batting: RHB Cristo García 0-0: Fly out, F8 (Flyball, 89M)
Top of the 1st over - 0 run(s), 1 hit(s), 0 error(s), 2 left on base; Otsego 0 - Indiana 0
BOTTOM OF THE 1ST
Indiana Hounds batting - Pitching for Otsego Bulldogs : LHP Sam Kettley
Pitching: LHP Sam Kettley
Batting: LHB David Cháves 0-0: Ball
1-0: Ball
2-0: Reached on error, E9 (Flyball, 9S)
Batting: RHB Doug Murray 0-0: Ball
1-0: Fly out, F4 (Popup, 3D)
Batting: RHB Danny Walker 0-0: Ball
1-0: Called Strike
David Cháves is caught stealing 2nd base
1-1: Foul Ball, location: 2F
1-2: Fly out, F7 (Line Drive, 7S)
Bottom of the 1st over - 0 run(s), 0 hit(s), 1 error(s), 0 left on base; Otsego 0 - Indiana 0
TOP OF THE 2ND
Otsego Bulldogs batting - Pitching for Indiana Hounds : RHP Rob Hill
Batting: RHB Ramiro Chávez 0-0: Called Strike
0-1: Called Strike
0-2: Ball
1-2: Fly out, F8 (Flyball, 89D)
Batting: RHB Felipe Rego 0-0: Called Strike
0-1: Ball
1-1: Called Strike
1-2: Strikes out swinging
Batting: RHB Luis Antonio Velásquez 0-0: Ground out 4-3 (Groundball, 4)
Top of the 2nd over - 0 run(s), 0 hit(s), 0 error(s), 0 left on base; Otsego 0 - Indiana 0
BOTTOM OF THE 2ND
Indiana Hounds batting - Pitching for Otsego Bulldogs : LHP Sam Kettley
Batting: RHB Octávio Marín 0-0: Fly out, F9 (Flyball, 89M)
Batting: LHB Ramón Benítez 0-0: Ground out 4-3 (Groundball, 4)
Batting: RHB Domingo Romero 0-0: Called Strike
0-1: Ball
1-1: Ground out 6-3 (Groundball, 6M)
Bottom of the 2nd over - 0 run(s), 0 hit(s), 0 error(s), 0 left on base; Otsego 0 - Indiana 0
TOP OF THE 3RD
Otsego Bulldogs batting - Pitching for Indiana Hounds : RHP Rob Hill
Batting: LHB Martin Davis 0-0: Ball
1-0: Ball
2-0: Ground out 6-3 (Groundball, 6)
Batting: RHB Donald White 0-0: Fly out, F9 (Flyball, 89M)
Batting: RHB Armando Cuevas 0-0: Ball
1-0: Ground out 6-3 (Groundball, 6)
Top of the 3rd over - 0 run(s), 0 hit(s), 0 error(s), 0 left on base; Otsego 0 - Indiana 0
BOTTOM OF THE 3RD
Indiana Hounds batting - Pitching for Otsego Bulldogs : LHP Sam Kettley
Batting: LHB Denny Poole 0-0: Ball
1-0: Ball
2-0: Ball
3-0: Base on Balls
Batting: RHB Juan Brito 0-0: Ball
1-0: Foul Ball, location: 2F
1-1: Called Strike
1-2: Ball
2-2: Ball
3-2: Strikes out looking
Batting: LHB Dave Watson Pickoff Throw to First - Error! E1
Denny Poole to second
0-0: Called Strike
0-1: Ball
1-1: Called Strike
1-2: Strikes out looking
Batting: LHB David Cháves 0-0: Called Strike
0-1: Ball
1-1: Foul Ball, location: 2F
1-2: Fly out, F6 (Popup, 56)
Bottom of the 3rd over - 0 run(s), 0 hit(s), 1 error(s), 1 left on base; Otsego 0 - Indiana 0
TOP OF THE 4TH
Otsego Bulldogs batting - Pitching for Indiana Hounds : RHP Rob Hill
Batting: RHB Felipe Rodríguez 0-0: SINGLE (Line Drive, 7S)
Batting: RHB Jorge Cisneros 0-0: Ball
1-0: Called Strike
1-1: Ball
2-1: Ground out 6-3 (Groundball, 6S)
Felipe Rodríguez to second
Batting: RHB Cristo García 0-0: Ball
1-0: Ball
2-0: Ball
3-0: Called Strike
3-1: Foul Ball, location: 2F
3-2: Base on Balls
Batting: RHB Ramiro Chávez 0-0: Swinging Strike
0-1: Fly out, F5 (Line Drive, 56)
Batting: RHB Felipe Rego 0-0: SINGLE (Flyball, 8LS)
Felipe Rodríguez to third
Cristo García to second
Runner from 3rd tries for Home, throw and OUT!
Top of the 4th over - 0 run(s), 2 hit(s), 0 error(s), 2 left on base; Otsego 0 - Indiana 0
BOTTOM OF THE 4TH
Indiana Hounds batting - Pitching for Otsego Bulldogs : LHP Sam Kettley
Batting: RHB Doug Murray 0-0: Called Strike
0-1: DOUBLE (Line Drive, 78XD)
Batting: RHB Danny Walker 0-0: Called Strike
0-1: Ground out 6-3 (Groundball, 6)
Doug Murray to third
Batting: RHB Octávio Marín 0-0: Foul Ball, location: 2F
0-1: Ground out 6-3 (Groundball, 6)
Doug Murray scores
Batting: LHB Ramón Benítez 0-0: Ball
1-0: Ball
2-0: Ball
3-0: Called Strike
3-1: Base on Balls
Batting: RHB Domingo Romero 0-0: Ball
1-0: Called Strike
1-1: Called Strike
1-2: Ball
Ramón Benítez steals 2nd base
2-2: Ball
3-2: Foul Ball, location: 2F
3-2: Base on Balls
Batting: LHB Denny Poole 0-0: Ball
1-0: Ball
2-0: Called Strike
2-1: Swinging Strike
2-2: Foul Ball, location: 2F
2-2: Ball
3-2: Base on Balls
Ramón Benítez to third
Domingo Romero to second
Batting: RHB Juan Brito 0-0: Foul Ball, location: 2F
0-1: Ball
1-1: Ball
2-1: Ball
3-1: Base on Balls
Ramón Benítez scores
Domingo Romero to third
Denny Poole to second
Batting: LHB Dave Watson 0-0: Called Strike
0-1: Ball
1-1: Ball
2-1: SINGLE (Line Drive, 4)
Domingo Romero scores
Denny Poole to third
Juan Brito to second
Runner from 3rd tries for Home, SAFE, no throw
Batting: LHB David Cháves 0-0: Fly out, F9 (Flyball, 89S)
Bottom of the 4th over - 4 run(s), 2 hit(s), 0 error(s), 2 left on base; Otsego 0 - Indiana 4
TOP OF THE 5TH
Otsego Bulldogs batting - Pitching for Indiana Hounds : RHP Rob Hill
Batting: RHB Luis Antonio Velásquez 0-0: Swinging Strike
0-1: SINGLE (Line Drive, 9LS)
Batting: LHB Martin Davis 0-0: Called Strike
0-1: Ball
1-1: Ball
2-1: Grounds into double play, 6-4-3 (Groundball, 6M)
Batting: RHB Donald White 0-0: Ball
1-0: Ball
2-0: Called Strike
2-1: Ground out 6-3 (Groundball, 6M)
Top of the 5th over - 0 run(s), 1 hit(s), 0 error(s), 0 left on base; Otsego 0 - Indiana 4
BOTTOM OF THE 5TH
Indiana Hounds batting - Pitching for Otsego Bulldogs : LHP Sam Kettley
Batting: RHB Doug Murray 0-0: Ball
1-0: Foul Ball, location: 2F
1-1: Swinging Strike
1-2: Ball
2-2: Foul Ball, location: 2F
2-2: SINGLE (Line Drive, 9LS)
Batting: RHB Danny Walker 0-0: Ball
Doug Murray steals 2nd base
1-0: Ball
2-0: Ball
3-0: Called Strike
3-1: Called Strike
3-2: Base on Balls
Batting: RHB Octávio Marín 0-0: Called Strike
0-1: Ball
1-1: 3-RUN HOME RUN (Flyball, 78XD), Distance : 388 ft
Pitching: LHP José Chávez
Batting: LHB Ramón Benítez 0-0: Called Strike
0-1: Ball
1-1: Reached on error, E6 (Groundball, 6)
Batting: RHB Domingo Romero 0-0: Called Strike
Balk!
Ramón Benítez to second
0-1: Ball
1-1: Ball
2-1: SINGLE (Groundball, 6MD)
Ramón Benítez to third
Batting: LHB Denny Poole 0-0: Ball
1-0: Foul Ball, location: 2F
1-1: Called Strike
1-2: Ball
2-2: Ball
3-2: Fly out, F3 (Popup, 34)
Batting: RHB Juan Brito 0-0: Ball
1-0: Ball
2-0: Ball
3-0: Called Strike
3-1: Fielders Choice at 2nd, 4-6 (Groundball, 4)
Ramón Benítez scores
Batting: LHB Dave Watson 0-0: Foul Ball, location: 2F
0-1: Foul Ball, location: 2F
0-2: Ball
1-2: Ground out U3 (Groundball, 34)
Bottom of the 5th over - 4 run(s), 3 hit(s), 1 error(s), 1 left on base; Otsego 0 - Indiana 8
TOP OF THE 6TH
Otsego Bulldogs batting - Pitching for Indiana Hounds : RHP Rob Hill
Batting: RHB Armando Cuevas 0-0: Called Strike
0-1: Called Strike
0-2: Ball
1-2: Ball
2-2: Foul Ball, location: 2F
2-2: Fly out, F2 (Popup, P)
Batting: RHB Felipe Rodríguez 0-0: Swinging Strike
0-1: Ball
1-1: Ball
2-1: Swinging Strike
2-2: Ball
3-2: Foul Ball, location: 2F
3-2: Foul Ball, location: 2F
3-2: Fly out, F8 (Flyball, 78M)
Batting: RHB Jorge Cisneros 0-0: Ground out 4-3 (Groundball, 4)
Top of the 6th over - 0 run(s), 0 hit(s), 0 error(s), 0 left on base; Otsego 0 - Indiana 8
BOTTOM OF THE 6TH
Indiana Hounds batting - Pitching for Otsego Bulldogs : LHP José Chávez
Batting: LHB David Cháves 0-0: Fly out, F8 (Flyball, 8RM)
Batting: RHB Doug Murray 0-0: Ball
1-0: Ball
2-0: Foul Ball, location: 2F
2-1: Foul Ball, location: 2F
2-2: Ball
3-2: Base on Balls
Batting: RHB Danny Walker 0-0: Grounds into double play, 4-6-3 (Groundball, 4)
Bottom of the 6th over - 0 run(s), 0 hit(s), 0 error(s), 0 left on base; Otsego 0 - Indiana 8
TOP OF THE 7TH
Otsego Bulldogs batting - Pitching for Indiana Hounds : RHP Rob Hill
Batting: RHB Cristo García 0-0: Ball
1-0: Ball
2-0: SINGLE (Line Drive, 4)
Batting: RHB Ramiro Chávez 0-0: Ball
1-0: Ball
Cristo García steals 2nd base
2-0: Ball
3-0: Called Strike
3-1: SINGLE (Line Drive, 56D)
Cristo García to third
Runner from 3rd tries for Home, SAFE, throw made home
Batting: RHB Felipe Rego 0-0: 2-RUN HOME RUN (Flyball, 9LD), Distance : 318 ft
Batting: RHB Luis Antonio Velásquez 0-0: Foul Ball, location: 2F
0-1: Called Strike
0-2: Ground out 6-3 (Groundball, 6)
Batting: LHB Martin Davis 0-0: Called Strike
0-1: Ball
1-1: Foul Ball, location: 2F
1-2: Fly out, F7 (Flyball, 7LDF)
Batting: RHB Donald White 0-0: Fly out, F8 (Flyball, 8RM)
Top of the 7th over - 3 run(s), 3 hit(s), 0 error(s), 0 left on base; Otsego 3 - Indiana 8
BOTTOM OF THE 7TH
Indiana Hounds batting - Pitching for Otsego Bulldogs : LHP José Chávez
Batting: RHB Octávio Marín 0-0: Called Strike
0-1: Called Strike
0-2: Ball
1-2: Strikes out swinging, 2-3 out at first.
Batting: LHB Ramón Benítez 0-0: Called Strike
0-1: SINGLE (Groundball, 56D)
Batting: RHB Domingo Romero 0-0: Ball
1-0: Ball
2-0: Foul Ball, location: 2F
2-1: Foul Ball, location: 2F
2-2: Foul Ball, location: 2F
2-2: Fly out, F8 (Flyball, 89S)
Batting: LHB Denny Poole 0-0: Called Strike
0-1: Ball
1-1: Fly out, F6 (Popup, 6)
Bottom of the 7th over - 0 run(s), 1 hit(s), 0 error(s), 1 left on base; Otsego 3 - Indiana 8
TOP OF THE 8TH
Otsego Bulldogs batting - Pitching for Indiana Hounds : RHP Rob Hill
Now at 1B: Dave Helásquez
Batting: RHB Armando Cuevas 0-0: SINGLE (Line Drive, 56D)
Batting: RHB Felipe Rodríguez 0-0: Foul Ball, location: 2F
0-1: Ball
1-1: Foul Ball, location: 2F
1-2: SINGLE (Groundball, 56D)
Armando Cuevas to second
Batting: RHB Jorge Cisneros 0-0: Called Strike
0-1: SINGLE (Groundball, 6MD)
Armando Cuevas to third
Felipe Rodríguez to second
Runner from 3rd tries for Home, SAFE, throw made at trailing runner, OUT at third!
Batting: RHB Cristo García 0-0: Ball
1-0: Ball
2-0: Foul Ball, location: 2F
2-1: Foul Ball, location: 2F
2-2: Grounds into double play, 6-4-3 (Groundball, 6)
Top of the 8th over - 1 run(s), 3 hit(s), 0 error(s), 0 left on base; Otsego 4 - Indiana 8
BOTTOM OF THE 8TH
Indiana Hounds batting - Pitching for Otsego Bulldogs : LHP José Chávez
Pitching: LHP Jeff Hardin
Batting: RHB Juan Brito 0-0: Foul Ball, location: 2F
0-1: Ball
1-1: SINGLE (Line Drive, 34)
Batting: LHB Dave Watson 0-0: Ball
1-0: Bunt missed!
1-1: Ball
2-1: Sac Bunt - play at first, batter OUT! 1-4
Juan Brito to second
Batting: LHB David Cháves 0-0: Ball
1-0: Foul Ball, location: 2F
1-1: Swinging Strike
1-2: Foul Ball, location: 2F
1-2: Ball
2-2: Strikes out swinging
Batting: RHB Doug Murray 0-0: SINGLE (Groundball, 34D)
Juan Brito to third
Runner from 3rd tries for Home, SAFE, no throw
Batting: RHB Danny Walker 0-0: Called Strike
0-1: Foul Ball, location: 2F
0-2: Strikes out swinging
Bottom of the 8th over - 1 run(s), 2 hit(s), 0 error(s), 1 left on base; Otsego 4 - Indiana 9
TOP OF THE 9TH
Otsego Bulldogs batting - Pitching for Indiana Hounds : RHP Rob Hill
Now in LF: Carlos Moya
Batting: RHB Ramiro Chávez 0-0: Ball
1-0: SINGLE (Line Drive, 3L)
Batting: RHB Felipe Rego 0-0: Ball
1-0: Foul Ball, location: 2F
1-1: Ball
2-1: Fielders Choice at 2nd, 6-4 (Groundball, 6D)
Pitching: RHP Rob Fields
Batting: RHB Luis Antonio Velásquez 0-0: Foul Ball, location: 2F
0-1: Ball
1-1: Fly out, F9 (Line Drive, 89S)
Batting: LHB Martin Davis 0-0: Called Strike
0-1: Swinging Strike
0-2: Strikes out swinging
Top of the 9th over - 0 run(s), 1 hit(s), 0 error(s), 1 left on base; Otsego 4 - Indiana 9
Thursday, March 30th, 2017 - OOTP Baseball 17.12 Build 75